 Dungeon Sprint DCSS version 0.24.0-41-g2ae2f7f1be (webtiles) character file.

Game seed: 12877840825479444668, levelgen mode: deterministic

357 McKennaii the Carver (level 6, -4/52 HPs)
             Began as a Demonspawn Fighter on Dec 10, 2019.
             Was a Believer of Makhleb.
             Hit by a boomerang thrown by an orc warrior (16 damage)
             ... in the Dungeon (Sprint IX: "|||||||||||||||||||||||||||||").
             The game lasted 00:01:55 (917 turns).

McKennaii the Carver (Demonspawn Fighter)            Turns: 917, Time: 00:01:55

Health: -4/52      AC: 10    Str: 18    XL:     6   Next: 37%
Magic:  6/6        EV: 10    Int: 12    God:    Makhleb [**....]
Gold:   0          SH: 10    Dex: 16    Spells: 5/5 levels left

rFire    . . .     SeeInvis .   a - +0 long sword
rCold    + . .     Gourm    .   c - +0 shield
rNeg     . . .     Faith    .   b - +0 scale mail
rPois    .         Spirit   .   p - +0 helmet
rElec    .         Reflect  .   (no cloak)
rCorr    .         Harm     .   q - +0 pair of gloves
MR       .....     NoTele   +   (no boots)
Stlth    +.........             (no amulet)
HPRegen  0.17/turn              r - +3 ring of dexterity
MPRegen  0.10/turn              s - +3 ring of intelligence

@: no status effects
A: cold resistance 1, freezing cloud immunity, sturdy frame 1
a: Minor Destruction, Renounce Religion


You were in the Dungeon.
You worshipped Makhleb.
Makhleb was pleased with you.
You were not hungry.

You visited 1 branch

Inventory:

Hand Weapons
 a - a +0 long sword (weapon)
Armour
 b - a +0 scale mail (worn)
 c - a +0 shield (worn)
 p - a +0 helmet (worn)
 q - a +0 pair of gloves (worn)
Jewellery
 r - a +3 ring of dexterity (left hand)
 s - a +3 ring of intelligence (right hand)
Wands
 o - a wand of acid (10)
Scrolls
 k - 2 scrolls of blinking
 m - 3 scrolls of remove curse
 n - 2 scrolls of amnesia
Potions
 d - a potion of might
 e - 4 potions of curing
 g - 3 potions of heal wounds
 h - a potion of haste
 i - 4 potions of magic
 j - a potion of berserk rage
 l - a potion of invisibility
Comestibles
 f - a ration


   Skills:
 + Level 5.7 Fighting
 * Level 8.9 Long Blades
 + Level 5.6 Armour
 + Level 2.5 Dodging
 + Level 5.9 Shields


You had 5 spell levels left.
You didn't know any spells.
Your spell library was empty.

Dungeon Overview and Level Annotations

Branches:
Dungeon (1/1)

Altars:
Cheibriados
Dithmenos
Elyvilon
Fedhas
Gozag
Hepliaklqana
Kikubaaqudgha
Makhleb
Nemelex Xobeh
Okawaru
Qazlal
Ru
Sif Muna
Trog
Uskayaw
Vehumet
Wu Jian
Xom
Yredelemnul
Zin
The Shining One
Beogh
Jiyva
Lugonu


Innate Abilities, Weirdness & Mutations

Your flesh is cold resistant. (rC+)
You are immune to freezing clouds.
Your movements are slightly less encumbered by armour. (ER -2)


Message History

The orc warrior is heavily wounded.
You barely miss the orc warrior.
The orc warrior is heavily wounded.
You block the orc warrior's attack.
You hit the orc warrior.
The orc warrior is heavily wounded.
The orc warrior hits you with a +0 broad axe of electrocution!
You barely miss the orc warrior.
The orc warrior is heavily wounded.
You block the orc warrior's attack.
You barely miss the orc warrior.
The orc warrior is heavily wounded.
The orc warrior hits you with a +0 broad axe of electrocution.
You are electrocuted!
* * * LOW HITPOINT WARNING * * *
You hit the orc warrior.
The orc warrior is severely wounded.
Unknown command.
The orc warrior throws a boomerang.
The boomerang hits you!
You die... ▓▓▓▓▓▓▓▓▓▓▓▓▓▓▓▓▓▓▓▓▓▓▓▓▓ '..|)..[..'.....@'oHlaZg+ ▓▓▓▓▓▓▓▓▓▓▓▓▓▓▓▓▓▓▓▓▓▓▓▓▓

You could see a manticore, an orc warrior, a gnoll sergeant, an iguana, a worker ant and a bat skeleton.

Vanquished Creatures
  A yak (D)
  A bullfrog (D)
  An orc priest (D)
  A quasit (D)
  A hound (D)
  An iguana (D)
  A worker ant (D)
  A dart slug (D)
  A bat (D)
  3 giant cockroaches (D)
  A goblin (D)
  A hobgoblin (D)
  2 quokkas (D)
16 creatures vanquished.

Notes
Turn   | Place    | Note
-------+----------+-------------------------------------------
     0 | D        | McKennaii the Demonspawn Fighter began the quest for the
                  | Orb.
     0 | D        | Reached XP level 1. HP: 18/18 MP: 1/1
    24 | D        | Reached skill level 2 in Long Blades
    37 | D        | Gained mutation: Your movements are slightly less
                  | encumbered by armour. (ER -2) [demonic ancestry]
    37 | D        | Reached XP level 2. HP: 11/24 MP: 2/2
   198 | D        | Reached skill level 3 in Long Blades
   198 | D        | Gained mutation: Your flesh is cold resistant. (rC+)
                  | [demonic ancestry]
   198 | D        | Reached XP level 3. HP: 22/30 MP: 3/3
   212 | D        | Reached skill level 4 in Long Blades
   212 | D        | Reached skill level 1 in Dodging
   212 | D        | Reached XP level 4. HP: 4/38 MP: 4/4
   498 | D        | Found a roughly hewn altar of Beogh.
   498 | D        | Found a snail-covered altar of Cheibriados.
   498 | D        | Found a shadowy altar of Dithmenos.
   498 | D        | Found a white marble altar of Elyvilon.
   498 | D        | Found a blossoming altar of Fedhas.
   498 | D        | Found an opulent altar of Gozag.
   499 | D        | Found a hazy altar of Hepliaklqana.
   500 | D        | Found a viscous altar of Jiyva.
   501 | D        | Found an ancient bone altar of Kikubaaqudgha.
   502 | D        | Found a corrupted altar of Lugonu.
   503 | D        | Found a burning altar of Makhleb.
   504 | D        | Found a sparkling altar of Nemelex Xobeh.
   505 | D        | Found an iron altar of Okawaru.
   506 | D        | Found a stormy altar of Qazlal.
   507 | D        | Found a sacrificial altar of Ru.
   508 | D        | Found a shimmering blue altar of Sif Muna.
   509 | D        | Found a bloodstained altar of Trog.
   510 | D        | Found a hide-covered altar of Uskayaw.
   511 | D        | Became a worshipper of Makhleb the Destroyer
   512 | D        | Found a radiant altar of Vehumet.
   513 | D        | Found an ornate altar of the Wu Jian Council.
   514 | D        | Found a shimmering altar of Xom.
   515 | D        | Found a basalt altar of Yredelemnul.
   516 | D        | Found a glowing silver altar of Zin.
   517 | D        | Found a glowing golden altar of the Shining One.
   559 | D        | Noticed a yak
   559 | D        | Noticed a bullfrog
   569 | D        | Reached skill level 5 in Long Blades
   579 | D        | Killed a yak
   579 | D        | Reached skill level 5 in Fighting
   579 | D        | Reached skill level 7 in Long Blades
   579 | D        | Reached skill level 5 in Armour
   579 | D        | Reached skill level 5 in Shields
   579 | D        | Gained mutation: You are immune to freezing clouds.
                  | [demonic ancestry]
   579 | D        | Reached XP level 5. HP: 6/44 MP: 5/5
   636 | D        | Reached * piety under Makhleb
   644 | D        | Reached skill level 8 in Long Blades
   644 | D        | Reached XP level 6. HP: 17/52 MP: 6/6
   647 | D        | Reached ** piety under Makhleb
   903 | D        | Noticed an orc warrior
   903 | D        | Noticed a manticore
   917 | D        | Hit by a boomerang thrown by an orc warrior

Levels and vault maps discovered:
D:        linesprint [early_d, line_temple, items_1, d_10, items_2, lair_1,
          lair_end, items_3, orc_1, orc_end, items_4, d_15, swamp_1, shoals_1,
          snake_1, spider_1, d_20, vaults_1, items_5, swamp_end, shoals_end,
          snake_end, spider_end, vaults_end, d_27, items_6, zot_1, zot_end,
          crypt_end, forest_end, elf_end, slime_end, tomb_end, abyss_end,
          pan_hell_end]

Skill      XL: |  1  2  3  4  5 |
---------------+----------------+-----
Armour         | 3 4 5 |  5.6
Shields        | 3 4 5 |  5.9
Long Blades    | 2 3 4 7 8 |  8.9
Fighting       | 4 5 |  5.7
Dodging        | 1 2 |  2.5

Action                   |  1- 3 |  4- 6 || total
-------------------------+-------+-------++-------
Melee: Long sword        |    54 |    50 ||   104
  Use: Potion            |       |     1 ||     1
Armor: Scale mail        |    23 |    12 ||    35
Dodge: Dodged            |     7 |    12 ||    19
Block: Shield            |    24 |    28 ||    52
       Rpst.: Long sword |     5 |     3 ||     8
